 Dungeon Crawl Stone Soup version 0.24-a0-516-g9de272bb65 (webtiles) character file.

Game seed: 3498517316534673375

81 AarnesTheHuman the Ogre Mage (level 4, -11/44 HPs)
             Began as an Ogre Wizard on July 21, 2019.
             Mangled by an orc warrior
             ... wielding a +0 hand axe
              (13 damage)
             ... on level 2 of the Dungeon.
             The game lasted 00:18:37 (2359 turns).

AarnesTheHuman the Ogre Mage (Ogre Wizard)          Turns: 2359, Time: 00:18:38

Health: -11/44     AC:  4    Str: 11    XL:     4   Next: 42%
Magic:  6/10       EV: 10    Int: 20    God:
Gold:   71         SH:  0    Dex:  7    Spells: 6/11 levels left

rFire    . . .     SeeInvis .   o - +0 spear (curse)
rCold    . . .     Gourm    .   (no shield)
rNeg     . . .     Faith    .   a - +0 robe
rPois    .         Spirit   .   b - +0 hat
rElec    .         Reflect  .   r - +0 cloak
rCorr    .         Harm     .   (gloves unavailable)
MR       .....                  (boots unavailable)
Stlth    +.........             (no amulet)
HPRegen  0.14/turn              (no ring)
MPRegen  0.12/turn              (no ring)

@: no status effects
A: large, unfitting armour, tough skin 1
a: no special abilities


You were on level 2 of the Dungeon.
You were hungry.

You visited 1 branch of the dungeon, and saw 3 of its levels.

You collected 71 gold pieces.

Inventory:

Hand Weapons
 c - a +0 dagger
 h - a +0 hand axe
 k - a +1 whip of electrocution
 o - a cursed +0 spear (weapon)
 p - a +0 dagger of holy wrath
Armour
 a - a +0 robe (worn)
 b - a +0 hat (worn)
 r - a +0 cloak (worn)
Scrolls
 g - a scroll of teleportation
 j - 2 scrolls of enchant weapon
Potions
 i - a potion of brilliance {unknown}
 l - 2 potions of flight
Comestibles
 d - 8 rations


   Skills:
 + Level 2.5 Fighting
 - Level 1.7 Dodging
 - Level 1.4 Stealth
 + Level 4.3 Spellcasting
 + Level 2.0 Conjurations
 * Level 1.6 Summonings
 - Level 0.8 Translocations


You had 6 spell levels left.
You knew the following spells:

 Your Spells              Type           Power        Failure   Level  Hunger
a - Magic Dart            Conj           ##..         5%          1    None
b - Call Imp              Summ           ##......     10%         2    #......
c - Blink                 Tloc           N/A          13%         2    #......

Your spell library contained the following spells:

 Spells                   Type           Power        Failure   Level  Hunger
 Slow                     Hex            #.......     19%         2    #......
 Conjure Flame            Conj/Fire      #.......     24%         3    ###....
 Mephitic Cloud           Conj/Pois/Air  #.......     28%         3    ###....


Dungeon Overview and Level Annotations

Branches:
Dungeon (3/15)

Altars:


Innate Abilities, Weirdness & Mutations

You are too large for most types of armour.
You have tough skin. (AC +1)


Message History

* * * LOW HITPOINT WARNING * * *
The orc warrior hits you with a +0 hand axe!
* * * LOW HITPOINT WARNING * * *
Casting: Magic Dart (safe; 5% risk of failure)
Confirm with . or Enter, or press ? or * to list all spells.
Aiming: Magic Dart (safe; 5% risk of failure)
Press: ? - help, Shift-Dir - straight line, f/p - orc warrior
Aim: an orc warrior, wielding a +0 hand axe and wearing a +0 plate armour (almost dead)
The magic dart hits the orc warrior.
The orc warrior is almost dead.
The orc warrior barely misses you.
Casting: Magic Dart (safe; 5% risk of failure)
Confirm with . or Enter, or press ? or * to list all spells.
Aiming: Magic Dart (safe; 5% risk of failure)
Press: ? - help, Shift-Dir - straight line, f/p - orc warrior
Aim: an orc warrior, wielding a +0 hand axe and wearing a +0 plate armour (almost dead)
The magic dart hits the orc warrior but does no damage.
The orc warrior is almost dead.
The orc warrior hits you with a +0 hand axe!
You die...

.<...#.#.#####.######.###.#
######...)...#.# #(# #.#
.........###.#.# #.# #.#
####.........#5# #.###.#
#.#########.# #.#...#
####.#<..#####.# #.#.###
.....#..)......# #.#.#
##)#.#.#.############.#.#
#.#.#.#.......o@.....#.#
#.#.#.################.#
#.#.#.# #.# #.#.#.# #.#
#.#.#.################.#
#.#..................รท.#
#.###.##################
#.....# #####.#


You could see an orc warrior.

Vanquished Creatures
  2 adders (D:3)
  A worm (D:2)
  A giant cockroach (D:1)
  7 goblins
  6 hobgoblins
  3 jackals (D:1)
  8 kobolds
  A quokka (D:2)
  9 bats
  A frilled lizard (D:1)
  8 rats
47 creatures vanquished.

Vanquished Creatures (collateral kills)
  An adder (D:3)
  A worm (D:2)
  An orc (D:3)
  A goblin (D:3)
  A quokka (D:3)
5 creatures vanquished.

Grand Total: 52 creatures vanquished

Notes
Turn   | Place    | Note
-------+----------+-------------------------------------------
     0 | D:1      | AarnesTheHuman the Ogre Wizard began the quest for the Orb.
     0 | D:1      | Reached XP level 1. HP: 16/16 MP: 5/5
    65 | D:1      | Reached skill level 1 in Conjurations
   146 | D:1      | Reached skill level 1 in Fighting
   146 | D:1      | Reached XP level 2. HP: 20/27 MP: 0/6
   387 | D:1      | Reached skill level 4 in Spellcasting
   610 | D:1      | Reached XP level 3. HP: 33/35 MP: 0/8
   905 | D:1      | Learned a level 2 spell: Call Imp
   908 | D:1      | Learned a level 2 spell: Blink
  1076 | D:2      | Reached skill level 1 in Summonings
  1639 | D:3      | Reached XP level 4. HP: 43/44 MP: 3/10
  2114 | D:3      | Noticed an orc warrior
  2350 | D:2      | HP: 1/44 [orc warrior/+0 hand axe (12)]
  2359 | D:2      | Mangled by an orc warrior

Levels and vault maps discovered:
D:1:      wander_arrival_chamber, layout_basic
D:2:      layout_basic
D:3:      layout_loops_corners, chequers_temple_overflow_statue_of_worship,
          minmay_misc_feat_nine_boxes

Skill      XL: |  1  2  3  4 |
---------------+-------------+-----
Conjurations   | 1 2 |  2.0
Fighting       | 1 2 |  2.5
Spellcasting   | 4 |  4.3
Summonings     | 1 |  1.6
Dodging        | |  1.7
Stealth        | |  1.4
Translocations | |  0.8

Action                   |  1- 3 |  4- 6 || total
-------------------------+-------+-------++-------
Melee: Dagger            |    50 |       ||    50
       Unarmed           |     2 |       ||     2
       Spear             |       |    29 ||    29
 Cast: Magic Dart        |    82 |    21 ||   103
       Call Imp          |     2 |     9 ||    11
  Use: Scroll            |       |     7 ||     7
  Eat: Chunk             |     2 |     2 ||     4
Armor: Robe              |    23 |     6 ||    29
Dodge: Dodged            |    58 |    16 ||    74

Table legend:
 A = Non-vault XP
 B = Vault XP
 C = Vault XP percentage of total XP
 D = Non-vault monster count
 E = Vault monster count
 F = Vault count percentage of total count
                 A         B        C        D         E       F
            +---------+---------+-------+---------+---------+-------
      Total |     117 |       0 |   0.0 |      52 |       0 |   0.0
            +---------+---------+-------+---------+---------+-------
        D:1 |      45 |       0 |   0.0 |      28 |       0 |   0.0
        D:2 |      33 |       0 |   0.0 |      17 |       0 |   0.0
        D:3 |      39 |       0 |   0.0 |       7 |       0 |   0.0
            +---------+---------+-------+---------+---------+-------
